 Dungeon Crawl Stone Soup version 0.29.1-2-gbd0b4ee654 (webtiles) character file.

Game seed: 8315214016257058222

2440 GorkyZ the Blocker (level 9, -2/69 HPs)
             Began as a Formicid Fighter on Nov 19, 2022.
             Was an Initiate of Gozag.
             Slain by Duvessa
             ... wielding a +0 short sword
              (12 damage)
             ... on level 6 of the Dungeon.
             The game lasted 00:24:37 (6710 turns).

GorkyZ the Blocker (Formicid Fighter)               Turns: 6710, Time: 00:24:51

Health: -2/69      AC: 18    Str: 29    XL:     9   Next: 78%
Magic:  9/9        EV:  6    Int:  5    God:    Gozag
Gold:   285        SH:  0    Dex: 16    Spells: 8/8 levels left

rFire   . . .      SeeInvis +   n - +3 quarterstaff (chaos)
rCold   . . .      Faith    .   y - +0 kite shield
rNeg    . . .      Spirit   .   r - +1 plate armour
rPois   .          Reflect  .   (helmet unavailable)
rElec   .          Harm     .   o - +2 cloak
rCorr   .          Rampage  .   m - +0 pair of gloves
Will    .....      Clarity  +   (no boots)
Stlth   ..........              (no amulet)
HPRegen 0.21/turn               (no ring)
MPRegen 0.11/turn               (no ring)

@: confused, lit by a corona, ambrosia-drunk, glowing
A: permanent stasis, dig shafts and tunnels, antennae 3, four strong arms, agile
1, clarity, strong 1, subdued magic 1
a: Dig, Shaft Self, Renounce Religion, Potion Petition, Call Merchant, Bribe
Branch


You were on level 6 of the Dungeon.
You worshipped Gozag.
Gozag was aware of your devotion.
You visited 2 branches of the dungeon, and saw 7 of its levels.

You collected 429 gold pieces.
You spent 22 gold pieces at shops.
You paid 122 gold pieces to Gozag.

Inventory:

Hand Weapons
 a - a +0 quarterstaff
 n - a +3 quarterstaff of chaos (weapon)
 z - a +0 halberd
 B - a +0 battleaxe
 D - a +0 giant club
Missiles
 h - 26 poisoned darts (quivered)
Armour
 b - a +0 scale mail
 c - a +0 buckler
 k - a +0 chain mail
 l - a +0 cloak
 m - a +0 pair of gloves (worn)
 o - a +2 cloak (worn)
 q - the +0 ring mail of Nazuth {rF+ Str+2 Stlth-}
   (You found it on level 2 of the Dungeon)

   Str:       It affects your strength (+2).
   rF:        It protects you from fire.
   Stlth:     It makes you less stealthy.
 r - a +1 plate armour (worn)
 y - a +0 kite shield (worn)
Jewellery
 e - a ring of resist corrosion
Wands
 p - a wand of polymorph (11)
 u - a wand of quicksilver (9)
 v - a wand of mindburst (14)
Scrolls
 f - 2 scrolls of magic mapping
 s - a scroll of fog
 t - a scroll of identify
 x - a scroll of enchant armour
Potions
 d - a potion of might
 g - a potion of curing
 i - a potion of berserk rage
 j - a potion of cancellation
 w - 2 potions of ambrosia
 A - a potion of brilliance


   Skills:
 + Level 6.3 Fighting
 + Level 5.1 Staves
 + Level 4.8 Throwing
 + Level 6.2 Armour
 * Level 10.0 Shields
 + Level 3.2 Evocations


You had 8 spell levels left.
You didn't know any spells.
Your spell library contained the following spells:

 Spells                   Type           Power      Damage    Failure   Level
 Magic Dart               Conj           0%         1d3       100%        1
 Slow                     Hex            0%         N/A       100%        1
 Searing Ray              Conj           0%         2d4       100%        2
 Confusing Touch          Hex            0%         N/A       100%        3
 Vampiric Draining        Necr           0%         2d6       100%        3
 Fulminant Prism          Conj/Hex       0%         3d6       100%        4
 Freezing Cloud           Conj/Ice/Air   0%         6-21      100%        5
 Manifold Assault         Tloc           0%         N/A       100%        5
 Storm Form               Tmut/Air       0%         N/A       100%        7
 Polar Vortex             Ice            0%         N/A       100%        9
 Blink                    Tloc           Unusable   N/A       N/A         2
 Simulacrum               Ice/Necr       Unusable   N/A       N/A         6

Dungeon Overview and Level Annotations

Branches:
Dungeon (6/15)             Temple (1/1) D:5

Altars:
Ashenzari
Dithmenos
Elyvilon
Gozag
Nemelex Xobeh
Okawaru
Qazlal
Ru
Sif Muna
Trog
Xom
Yredelemnul

Shops:
D:1 *   D:5 :

Annotations:
D:6 Duvessa


Innate Abilities, Weirdness & Mutations

You cannot be hasted, slowed, berserked, paralysed or teleported.
You can dig through walls and to a lower floor.
You have a pair of large antennae on your head. (SInv)
Your four strong arms can wield two-handed weapons with a shield.
You are agile. (Dex +4, Str/Int -1)
You possess an exceptional clarity of mind.
Your muscles are strong. (Str +4, Int/Dex -1)
Your spells are a little easier to cast, but a little less powerful.


Message History

The orc wizard shouts!
You hit Duvessa. Lightning courses through Duvessa!
Duvessa is moderately wounded.
The orc wizard is no longer distracted by gold.
Duvessa hits you with a +0 short sword. The orc barely misses you. x2
You hit Duvessa.
Duvessa is poisoned.
Duvessa is heavily wounded.
You block Duvessa's attack. The orc hits you with a +0 club.
You block the orc's attack. The orc hits you with a +0 club.
Duvessa hits you but does no damage.
You barely miss Duvessa.
Duvessa is heavily wounded.
You block Duvessa's attack. The orc hits you but does no damage.
The orc completely misses you. The orc hits you but does no damage.
You block Duvessa's attack. You block the orc's attack.
The orc completely misses you.
You barely miss Duvessa.
Duvessa is heavily wounded.
Duvessa hits you with a +0 short sword. You block the orc's attack.
Duvessa barely misses you. You block the orc's attack.
The orc hits you but does no damage.
You thump Duvessa!
Duvessa is severely wounded.
You block Duvessa's attack. The orc hits you but does no damage.
The orc priest invokes the aid of Beogh against you.
Beogh smites you!
* * * LOW HITPOINT WARNING * * *
The orc hits you but does no damage. Duvessa completely misses you.
You are confused.
You feel invigorated. Duvessa hits you with a +0 short sword!
* * * LOW HITPOINT WARNING * * *
The orc hits you but does no damage. x4
You hit the orc.
The orc is poisoned.
The orc is severely wounded.
Duvessa hits you with a +0 short sword!
* * * LOW HITPOINT WARNING * * *
The orc hits you but does no damage. x2; The orc closely misses you.
Duvessa hits you with a +0 short sword!
You die...
Your body crumbles into a pile of gold.

.... ....... ... .......
# ... ....... ####....##.
..o......
##.....##....###.#oo..
.).# ##.##.##.{5oo#
.)######........#os#
...)...........o@eo# #
..###.....###.##oo.#..#
).#####_#####..#....>## $
..###.....###.........#
..............##.##...)..
###.##......###..# #.....
#...##.##.......## #####
.......##......##
..#######.........


You could see Duvessa (berserk, fast, poisoned), a scorpion, an orc priest, an
orc wizard (invisible), a white imp and 7 orcs.

Vanquished Creatures
  Prince Ribbit (D:5)
  The ghost of Rosiu1125 the Poker, an amateur GrGl (D:4)
  5 yaks (D:5)
  A yak (shapeshifter) (D:5)
  An orc warrior (D:5)
  An ogre (D:4)
  A kobold brigand (D:4)
  A necrophage (D:4)
  2 scorpions
  Dowan (D:6)
  A hound (D:4)
  3 orc priests
  Crazy Yiuf (D:2)
  A jelly (D:4)
  A gnoll bouda (D:6)
  Jessica (D:2)
  3 iguanas (D:5)
  Natasha (thrice) (D:3 D:6)
  2 orc wizards (D:5)
  Robin (D:3)
  4 adders
  9 gnolls
  3 worms (D:2)
  A dart slug (D:1)
  27 orcs
  5 bats
  7 endoplasms
  3 giant cockroaches
  15 goblins
  8 hobgoblins
  10 jackals
  5 quokkas
  11 ball pythons
  4 frilled lizards
  17 kobolds
  6 rats
167 creatures vanquished.

Vanquished Creatures (others)
  A yak zombie (D:5)
  An orc zombie (D:5)
  A fungus (D:4)
  7 plants
10 creatures vanquished.

Grand Total: 177 creatures vanquished

Notes
Turn   | Place    | Note
-------+----------+-------------------------------------------
     0 | D:1      | GorkyZ the Formicid Fighter began the quest for the Orb.
     0 | D:1      | Reached XP level 1. HP: 18/18 MP: 1/1
   248 | D:1      | Reached XP level 2. HP: 24/24 MP: 2/2
   680 | D:1      | Found Ymecaip's General Store.
   686 | D:1      | Reached XP level 3. HP: 26/29 MP: 3/3
   967 | D:1      | Reached skill level 1 in Throwing
  1258 | D:2      | Found a shadowy altar of Dithmenos.
  1541 | D:2      | Found a runed translucent door.
  1542 | D:2      | Noticed Crazy Yiuf
  1552 | D:2      | Killed Crazy Yiuf
  1553 | D:2      | Reached skill level 5 in Shields
  1553 | D:2      | Reached XP level 4. HP: 28/37 MP: 4/4
  1982 | D:2      | Identified the +0 ring mail of Nazuth {rF+ Str+2 Stlth-}
  2136 | D:2      | Noticed Jessica
  2140 | D:2      | Killed Jessica
  2141 | D:2      | Reached XP level 5. HP: 29/42 MP: 5/5
  2422 | D:1      | Bought a scroll of identify for 22 gold pieces
  2426 | D:1      | Gained mutation: You occasionally lose the ability to drink
                  | potions when taking damage. [potion of mutation]
  2426 | D:1      | Gained mutation: Your flesh is cold resistant. (rC+)
                  | [potion of mutation]
  2548 | D:3      | Noticed Natasha
  2564 | D:3      | Killed Natasha
  2572 | D:3      | Noticed Natasha
  2580 | D:3      | Killed Natasha
  2827 | D:3      | Reached XP level 6. HP: 48/48 MP: 6/6
  2827 | D:3      | Found a faded altar of an unknown god.
  2966 | D:3      | Noticed Robin
  3001 | D:3      | Killed Robin
  3013 | D:3      | Reached skill level 6 in Shields
  3239 | D:3      | Found a stormy altar of Qazlal.
  3243 | D:3      | Noticed Natasha
  3254 | D:3      | You fall into a shaft and drop 1 floor!
  3359 | D:4      | Lost mutation: Your flesh is cold resistant. (rC+) [potion
                  | of mutation]
  3359 | D:4      | Lost mutation: You occasionally lose the ability to drink
                  | potions when taking damage. [potion of mutation]
  3359 | D:4      | Gained mutation: You are weak. (Str -2) [potion of
                  | mutation]
  3476 | D:4      | Found a white marble altar of Elyvilon.
  3560 | D:4      | Found a basalt altar of Yredelemnul.
  3726 | D:4      | Reached XP level 7. HP: 37/55 MP: 7/7
  3885 | D:4      | Lost mutation: You are weak. (Str -2) [potion of mutation]
  3885 | D:4      | Gained mutation: Your spells are a little easier to cast,
                  | but a little less powerful. [potion of mutation]
  3885 | D:4      | Gained mutation: You are agile. (Dex +4, Str/Int -1)
                  | [potion of mutation]
  3885 | D:4      | Gained mutation: Your muscles are strong. (Str +4, Int/Dex
                  | -1) [potion of mutation]
  3885 | D:4      | Gained mutation: You possess an exceptional clarity of
                  | mind. [potion of mutation]
  4046 | D:4      | Found a runed translucent gate.
  4046 | D:4      | Found a runed translucent gate.
  4046 | D:4      | Found a runed translucent gate.
  4046 | D:4      | Noticed Rosiu1125's ghost (amateur GrGl)
  4310 | D:4      | Reached skill level 7 in Shields
  4741 | D:4      | Killed Rosiu1125's ghost
  4742 | D:4      | Reached skill level 5 in Fighting
  4742 | D:4      | Reached XP level 8. HP: 13/62 MP: 8/8
  5027 | D:5      | Entered Level 5 of the Dungeon
  5072 | D:5      | Reached skill level 5 in Armour
  5344 | D:5      | Noticed a shapeshifter
  5344 | D:5      | a black bear changed into a shapeshifter
  5344 | D:5      | Noticed a yak
  5344 | D:5      | a shapeshifter changed into a yak
  5349 | D:5      | Killed a yak
  5350 | D:5      | Reached skill level 8 in Shields
  5397 | D:5      | Reached skill level 1 in Evocations
  5408 | D:5      | Found a sacrificial altar of Ru.
  5519 | D:5      | Noticed a yak
  5521 | D:5      | Noticed a yak
  5521 | D:5      | Noticed a yak
  5521 | D:5      | Noticed a yak
  5522 | D:5      | Noticed a yak
  5542 | D:5      | Killed a yak
  5547 | D:5      | Killed a yak
  5548 | D:5      | Reached XP level 9. HP: 45/69 MP: 9/9
  5552 | D:5      | Reached skill level 9 in Shields
  5838 | D:5      | Noticed Prince Ribbit
  5886 | D:5      | Killed Prince Ribbit
  5912 | D:5      | Reached skill level 5 in Staves
  6056 | D:5      | Found Kynoduttan's Book Shoppe.
  6108 | D:5      | Found a shimmering blue altar of Sif Muna.
  6290 | D:5      | Found a staircase to the Ecumenical Temple.
  6301 | Temple   | Entered the Ecumenical Temple
  6385 | Temple   | Became a worshipper of Gozag Ym Sagoz the Greedy
  6460 | D:6      | Found a broken altar of Ashenzari.
  6664 | D:6      | Killed Natasha
  6682 | D:6      | Noticed Dowan
  6683 | D:6      | Noticed Duvessa
  6695 | D:6      | Reached skill level 10 in Shields
  6698 | D:6      | Killed Dowan
  6710 | D:6      | Slain by Duvessa

Illustrated notes

Levels and vault maps discovered:
D:1:      roderic_crossed_star, layout_basic, serial_shops, shop,
          minmay_tromino_v4_c
D:2:      layout_rooms, basic_altar, grunt_decor_fettered, grunt_ministairs_12,
          uniq_jessica, uniq_crazy_yiuf_cottage
D:3:      wander_river, layout_rooms, grunt_qazlal_sundering,
          nicolae_ecumenical_snake_handling, uniq_robin, uniq_natasha
D:4:      layout_loops_ring, kennysheep_ying_yang,
          gammafunk_ghost_nasty_kobolds, kennysheep_dice
D:5:      layout_gridville, mainiacjoe_overflow_boulevard,
          mainiacjoe_overflow_concentric_impassable, minmay_temple_entry_fiery,
          serial_shops, shop, chequers_serial_rivers_small_3,
          uniq_prince_ribbit1
D:6:      layout_rooms, cheibrodos_ashenzari_chains,
          mainiacjoe_overflow_24_doors, serial_glass, glass_columns_a,
          glass_columns_a, uniq_duvessa, uniq_grinder
Temple:   dpeg_chambers_temple

Skill      XL: |  1  2  3  4  5  6  7  8  9 |
---------------+----------------------------+-----
Throwing       | 1 2 3 4 |  4.8
Shields        | 5 6 7 8 10 | 10.0
Armour         | 4 5 6 |  6.2
Fighting       | 4 5 6 |  6.3
Staves         | 3 4 5 |  5.1
Evocations     | 2 3 |  3.2

Action                   |  1- 3 |  4- 6 |  7- 9 || total
-------------------------+-------+-------+-------++-------
Melee: Quarterstaff      |    86 |   242 |   262 ||   590
  Use: Scroll            |       |     4 |     7 ||    11
       Potion            |       |     2 |     3 ||     5
 Stab: Confused          |       |       |     2 ||     2
       Paralysed         |       |       |     1 ||     1
Armor: Scale mail        |    29 |       |       ||    29
       Chain mail        |     5 |    34 |       ||    39
       Plate armour      |       |   188 |   168 ||   356
Dodge: Dodged            |    34 |    96 |    76 ||   206
Block: Buckler           |    25 |    71 |       ||    96
       Kite shield       |       |    48 |   198 ||   246
